Workbook

Sheet Transactions
A1: Transaction ID | B1: Date | C1: Description | D1: Customer/Supplier | E1: Town/City | F1: Type | G1: P&L Category | H1: VAT Rate | I1: Net Amount (€) | J1: VAT Amount (€) | K1: Gross Amount (€) | L1: Payment Status | M1: Notes
A2: TXN-2026-001 | B2: 46034 | C2: Sales invoice - strategy consulting | D2: Aoife Byrne | E2: Dublin | F2: Income | G2: Sales income | H2: =IF($G2="","",IFERROR(VLOOKUP($G2,'Setup & Instructions'!$A$5:$B$16,2,FALSE),"")) | I2: 2400 | J2: =IF(OR($I2="",$H2=""),"",$I2*$H2) | K2: =IF(OR($I2="",$J2=""),"",$I2+$J2) | L2: Paid | M2: January consulting engagement
A3: TXN-2026-002 | B3: 46071 | C3: Sales invoice - professional services | D3: Seán Murphy | E3: Cork | F3: Income | G3: Professional services | H3: =IF($G3="","",IFERROR(VLOOKUP($G3,'Setup & Instructions'!$A$5:$B$16,2,FALSE),"")) | I3: 1850 | J3: =IF(OR($I3="",$H3=""),"",$I3*$H3) | K3: =IF(OR($I3="",$J3=""),"",$I3+$J3) | L3: Paid | M3: Business process review
A4: TXN-2026-003 | B4: 46105 | C4: Sales invoice - training workshop | D4: Niamh O’Brien | E4: Galway | F4: Income | G4: Training income | H4: =IF($G4="","",IFERROR(VLOOKUP($G4,'Setup & Instructions'!$A$5:$B$16,2,FALSE),"")) | I4: 1350 | J4: =IF(OR($I4="",$H4=""),"",$I4*$H4) | K4: =IF(OR($I4="",$J4=""),"",$I4+$J4) | L4: Paid | M4: Leadership training workshop
A5: TXN-2026-004 | B5: 46113 | C5: Office rent payment | D5: Dublin City Property Limited | E5: Dublin | F5: Expense | G5: Premises | H5: =IF($G5="","",IFERROR(VLOOKUP($G5,'Setup & Instructions'!$A$5:$B$16,2,FALSE),"")) | I5: 1600 | J5: =IF(OR($I5="",$H5=""),"",$I5*$H5) | K5: =IF(OR($I5="",$J5=""),"",$I5+$J5) | L5: Paid | M5: Monthly office rent
A6: TXN-2026-005 | B6: 46148 | C6: Software subscription | D6: Emerald Cloud Software Limited | E6: Dublin | F6: Expense | G6: Software and subscriptions | H6: =IF($G6="","",IFERROR(VLOOKUP($G6,'Setup & Instructions'!$A$5:$B$16,2,FALSE),"")) | I6: 420 | J6: =IF(OR($I6="",$H6=""),"",$I6*$H6) | K6: =IF(OR($I6="",$J6=""),"",$I6+$J6) | L6: Paid | M6: Annual accounting software subscription
A7: TXN-2026-006 | B7: 46188 | C7: Insurance premium | D7: Shannon Insurance Services | E7: Limerick | F7: Expense | G7: Insurance | H7: =IF($G7="","",IFERROR(VLOOKUP($G7,'Setup & Instructions'!$A$5:$B$16,2,FALSE),"")) | I7: 780 | J7: =IF(OR($I7="",$H7=""),"",$I7*$H7) | K7: =IF(OR($I7="",$J7=""),"",$I7+$J7) | L7: Paid | M7: Professional indemnity insurance
A8: TXN-2026-007 | B8: 46212 | C8: Travel expense for client visit | D8: Cian Walsh | E8: Waterford | F8: Expense | G8: Travel | H8: =IF($G8="","",IFERROR(VLOOKUP($G8,'Setup & Instructions'!$A$5:$B$16,2,FALSE),"")) | I8: 265 | J8: =IF(OR($I8="",$H8=""),"",$I8*$H8) | K8: =IF(OR($I8="",$J8=""),"",$I8+$J8) | L8: Paid | M8: Travel to client meeting
A9: TXN-2026-008 | B9: 46251 | C9: Advertising campaign management | D9: Saoirse Kelly Marketing | E9: Kilkenny | F9: Expense | G9: Marketing | H9: =IF($G9="","",IFERROR(VLOOKUP($G9,'Setup & Instructions'!$A$5:$B$16,2,FALSE),"")) | I9: 950 | J9: =IF(OR($I9="",$H9=""),"",$I9*$H9) | K9: =IF(OR($I9="",$J9=""),"",$I9+$J9) | L9: Unpaid | M9: Digital advertising campaign
A10: TXN-2026-009 | B10: 46273 | C10: Stationery purchase | D10: Conor Ryan Office Supplies | E10: Sligo | F10: Expense | G10: Office expenses | H10: =IF($G10="","",IFERROR(VLOOKUP($G10,'Setup & Instructions'!$A$5:$B$16,2,FALSE),"")) | I10: 180 | J10: =IF(OR($I10="",$H10=""),"",$I10*$H10) | K10: =IF(OR($I10="",$J10=""),"",$I10+$J10) | L10: Paid | M10: Printer paper and stationery
A11: TXN-2026-010 | B11: 46316 | C11: Business bank charges | D11: AIB Business Banking | E11: Dublin | F11: Expense | G11: Bank charges | H11: =IF($G11="","",IFERROR(VLOOKUP($G11,'Setup & Instructions'!$A$5:$B$16,2,FALSE),"")) | I11: 52 | J11: =IF(OR($I11="",$H11=""),"",$I11*$H11) | K11: =IF(OR($I11="",$J11=""),"",$I11+$J11) | L11: Paid | M11: Monthly account charges
H12: =IF($G12="","",IFERROR(VLOOKUP($G12,'Setup & Instructions'!$A$5:$B$16,2,FALSE),"")) | J12: =IF(OR($I12="",$H12=""),"",$I12*$H12) | K12: =IF(OR($I12="",$J12=""),"",$I12+$J12)
H13: =IF($G13="","",IFERROR(VLOOKUP($G13,'Setup & Instructions'!$A$5:$B$16,2,FALSE),"")) | J13: =IF(OR($I13="",$H13=""),"",$I13*$H13) | K13: =IF(OR($I13="",$J13=""),"",$I13+$J13)
H14: =IF($G14="","",IFERROR(VLOOKUP($G14,'Setup & Instructions'!$A$5:$B$16,2,FALSE),"")) | J14: =IF(OR($I14="",$H14=""),"",$I14*$H14) | K14: =IF(OR($I14="",$J14=""),"",$I14+$J14)
H15: =IF($G15="","",IFERROR(VLOOKUP($G15,'Setup & Instructions'!$A$5:$B$16,2,FALSE),"")) | J15: =IF(OR($I15="",$H15=""),"",$I15*$H15) | K15: =IF(OR($I15="",$J15=""),"",$I15+$J15)
H16: =IF($G16="","",IFERROR(VLOOKUP($G16,'Setup & Instructions'!$A$5:$B$16,2,FALSE),"")) | J16: =IF(OR($I16="",$H16=""),"",$I16*$H16) | K16: =IF(OR($I16="",$J16=""),"",$I16+$J16)
H17: =IF($G17="","",IFERROR(VLOOKUP($G17,'Setup & Instructions'!$A$5:$B$16,2,FALSE),"")) | J17: =IF(OR($I17="",$H17=""),"",$I17*$H17) | K17: =IF(OR($I17="",$J17=""),"",$I17+$J17)
H18: =IF($G18="","",IFERROR(VLOOKUP($G18,'Setup & Instructions'!$A$5:$B$16,2,FALSE),"")) | J18: =IF(OR($I18="",$H18=""),"",$I18*$H18) | K18: =IF(OR($I18="",$J18=""),"",$I18+$J18)
H19: =IF($G19="","",IFERROR(VLOOKUP($G19,'Setup & Instructions'!$A$5:$B$16,2,FALSE),"")) | J19: =IF(OR($I19="",$H19=""),"",$I19*$H19) | K19: =IF(OR($I19="",$J19=""),"",$I19+$J19)
H20: =IF($G20="","",IFERROR(VLOOKUP($G20,'Setup & Instructions'!$A$5:$B$16,2,FALSE),"")) | J20: =IF(OR($I20="",$H20=""),"",$I20*$H20) | K20: =IF(OR($I20="",$J20=""),"",$I20+$J20)
H21: =IF($G21="","",IFERROR(VLOOKUP($G21,'Setup & Instructions'!$A$5:$B$16,2,FALSE),"")) | J21: =IF(OR($I21="",$H21=""),"",$I21*$H21) | K21: =IF(OR($I21="",$J21=""),"",$I21+$J21)
H22: =IF($G22="","",IFERROR(VLOOKUP($G22,'Setup & Instructions'!$A$5:$B$16,2,FALSE),"")) | J22: =IF(OR($I22="",$H22=""),"",$I22*$H22) | K22: =IF(OR($I22="",$J22=""),"",$I22+$J22)
H23: =IF($G23="","",IFERROR(VLOOKUP($G23,'Setup & Instructions'!$A$5:$B$16,2,FALSE),"")) | J23: =IF(OR($I23="",$H23=""),"",$I23*$H23) | K23: =IF(OR($I23="",$J23=""),"",$I23+$J23)
... H111: =IF($G111="","",IFERROR(VLOOKUP($G111,'Setup & Instructions'!$A$5:$B$16,2,FALSE),"")) | J111: =IF(OR($I111="",$H111=""),"",$I111*$H111) | K111: =IF(OR($I111="",$J111=""),"",$I111+$J111)

Sheet P&L Summary
A1: Profit and Loss Account
A2: Business name | B2: Harbour View Consulting Limited | D2: Income transaction count | E2: =COUNTIF('Transactions'!$F$2:$F$111,"Income")
A3: Reporting year | B3: 2026 | D3: Average transaction value | E3: =IFERROR(AVERAGE('Transactions'!$I$2:$I$111),0)
A4: Start date | B4: 46023
A5: End date | B5: 46387
A7: P&L line | B7: Amount (€)
A8: Revenue | B8: =SUMIFS('Transactions'!$I$2:$I$111,'Transactions'!$F$2:$F$111,"Income",'Transactions'!$B$2:$B$111,">="&$B$4,'Transactions'!$B$2:$B$111,"<="&$B$5)
A9: Cost of sales | B9: =SUMIFS('Transactions'!$I$2:$I$111,'Transactions'!$G$2:$G$111,$A$9,'Transactions'!$F$2:$F$111,"Expense",'Transactions'!$B$2:$B$111,">="&$B$4,'Transactions'!$B$2:$B$111,"<="&$B$5)
A10: Gross profit | B10: =B8-B9
A11: Gross profit margin | B11: =IFERROR(B10/B8,0)
A12: Premises | B12: =SUMIFS('Transactions'!$I$2:$I$111,'Transactions'!$G$2:$G$111,$A$12,'Transactions'!$F$2:$F$111,"Expense",'Transactions'!$B$2:$B$111,">="&$B$4,'Transactions'!$B$2:$B$111,"<="&$B$5) | O12: Measure | P12: Amount (€) | R12: Operating expense category | S12: Amount (€)
A13: Software and subscriptions | B13: =SUMIFS('Transactions'!$I$2:$I$111,'Transactions'!$G$2:$G$111,$A$13,'Transactions'!$F$2:$F$111,"Expense",'Transactions'!$B$2:$B$111,">="&$B$4,'Transactions'!$B$2:$B$111,"<="&$B$5) | O13: Revenue | P13: =B8 | R13: =IF($B$12=0,"",$A$12) | S13: =IF($B$12=0,"",$B$12)
A14: Insurance | B14: =SUMIFS('Transactions'!$I$2:$I$111,'Transactions'!$G$2:$G$111,$A$14,'Transactions'!$F$2:$F$111,"Expense",'Transactions'!$B$2:$B$111,">="&$B$4,'Transactions'!$B$2:$B$111,"<="&$B$5) | O14: Cost of sales | P14: =B9 | R14: =IF($B$13=0,"",$A$13) | S14: =IF($B$13=0,"",$B$13)
A15: Travel | B15: =SUMIFS('Transactions'!$I$2:$I$111,'Transactions'!$G$2:$G$111,$A$15,'Transactions'!$F$2:$F$111,"Expense",'Transactions'!$B$2:$B$111,">="&$B$4,'Transactions'!$B$2:$B$111,"<="&$B$5) | O15: Operating expenses | P15: =B19 | R15: =IF($B$14=0,"",$A$14) | S15: =IF($B$14=0,"",$B$14)
A16: Marketing | B16: =SUMIFS('Transactions'!$I$2:$I$111,'Transactions'!$G$2:$G$111,$A$16,'Transactions'!$F$2:$F$111,"Expense",'Transactions'!$B$2:$B$111,">="&$B$4,'Transactions'!$B$2:$B$111,"<="&$B$5) | O16: Operating profit | P16: =B20 | R16: =IF($B$15=0,"",$A$15) | S16: =IF($B$15=0,"",$B$15)
A17: Office expenses | B17: =SUMIFS('Transactions'!$I$2:$I$111,'Transactions'!$G$2:$G$111,$A$17,'Transactions'!$F$2:$F$111,"Expense",'Transactions'!$B$2:$B$111,">="&$B$4,'Transactions'!$B$2:$B$111,"<="&$B$5) | R17: =IF($B$16=0,"",$A$16) | S17: =IF($B$16=0,"",$B$16)
A18: Bank charges | B18: =SUMIFS('Transactions'!$I$2:$I$111,'Transactions'!$G$2:$G$111,$A$18,'Transactions'!$F$2:$F$111,"Expense",'Transactions'!$B$2:$B$111,">="&$B$4,'Transactions'!$B$2:$B$111,"<="&$B$5) | R18: =IF($B$17=0,"",$A$17) | S18: =IF($B$17=0,"",$B$17)
A19: Total operating expenses | B19: =SUM(B12:B18) | R19: =IF($B$18=0,"",$A$18) | S19: =IF($B$18=0,"",$B$18)
A20: Operating profit / (loss) | B20: =B10-B19
A21: Operating profit margin | B21: =IFERROR(B20/B8,0)

Sheet Monthly Analysis
A1: Monthly Analysis - 2026
H2: Key performance indicators
H3: Full-year revenue | I3: =SUM($B$6:$B$17)
H4: Full-year operating expenses | I4: =SUM($D$6:$D$17)
A5: Month | B5: Revenue | C5: Cost of sales | D5: Operating expenses | E5: Operating profit | F5: Profit margin | G5: Start date | H5: End date | I5: =SUM($E$6:$E$17)
A6: January | B6: =SUMIFS('Transactions'!$I$2:$I$111,'Transactions'!$F$2:$F$111,"Income",'Transactions'!$B$2:$B$111,">="&$G6,'Transactions'!$B$2:$B$111,"<="&$H6) | C6: =SUMIFS('Transactions'!$I$2:$I$111,'Transactions'!$G$2:$G$111,"Cost of sales",'Transactions'!$F$2:$F$111,"Expense",'Transactions'!$B$2:$B$111,">="&$G6,'Transactions'!$B$2:$B$111,"<="&$H6) | D6: =SUMIFS('Transactions'!$I$2:$I$111,'Transactions'!$F$2:$F$111,"Expense",'Transactions'!$B$2:$B$111,">="&$G6,'Transactions'!$B$2:$B$111,"<="&$H6)-$C6 | E6: =B6-C6-D6 | F6: =IFERROR(E6/B6,0) | G6: 46023 | H6: 46053 | I6: =IFERROR(AVERAGE($B$6:$B$17),0)
A7: February | B7: =SUMIFS('Transactions'!$I$2:$I$111,'Transactions'!$F$2:$F$111,"Income",'Transactions'!$B$2:$B$111,">="&$G7,'Transactions'!$B$2:$B$111,"<="&$H7) | C7: =SUMIFS('Transactions'!$I$2:$I$111,'Transactions'!$G$2:$G$111,"Cost of sales",'Transactions'!$F$2:$F$111,"Expense",'Transactions'!$B$2:$B$111,">="&$G7,'Transactions'!$B$2:$B$111,"<="&$H7) | D7: =SUMIFS('Transactions'!$I$2:$I$111,'Transactions'!$F$2:$F$111,"Expense",'Transactions'!$B$2:$B$111,">="&$G7,'Transactions'!$B$2:$B$111,"<="&$H7)-$C7 | E7: =B7-C7-D7 | F7: =IFERROR(E7/B7,0) | G7: 46054 | H7: 46081 | I7: =COUNTIF('Transactions'!$F$2:$F$111,"Income")
A8: March | B8: =SUMIFS('Transactions'!$I$2:$I$111,'Transactions'!$F$2:$F$111,"Income",'Transactions'!$B$2:$B$111,">="&$G8,'Transactions'!$B$2:$B$111,"<="&$H8) | C8: =SUMIFS('Transactions'!$I$2:$I$111,'Transactions'!$G$2:$G$111,"Cost of sales",'Transactions'!$F$2:$F$111,"Expense",'Transactions'!$B$2:$B$111,">="&$G8,'Transactions'!$B$2:$B$111,"<="&$H8) | D8: =SUMIFS('Transactions'!$I$2:$I$111,'Transactions'!$F$2:$F$111,"Expense",'Transactions'!$B$2:$B$111,">="&$G8,'Transactions'!$B$2:$B$111,"<="&$H8)-$C8 | E8: =B8-C8-D8 | F8: =IFERROR(E8/B8,0) | G8: 46082 | H8: 46112
A9: April | B9: =SUMIFS('Transactions'!$I$2:$I$111,'Transactions'!$F$2:$F$111,"Income",'Transactions'!$B$2:$B$111,">="&$G9,'Transactions'!$B$2:$B$111,"<="&$H9) | C9: =SUMIFS('Transactions'!$I$2:$I$111,'Transactions'!$G$2:$G$111,"Cost of sales",'Transactions'!$F$2:$F$111,"Expense",'Transactions'!$B$2:$B$111,">="&$G9,'Transactions'!$B$2:$B$111,"<="&$H9) | D9: =SUMIFS('Transactions'!$I$2:$I$111,'Transactions'!$F$2:$F$111,"Expense",'Transactions'!$B$2:$B$111,">="&$G9,'Transactions'!$B$2:$B$111,"<="&$H9)-$C9 | E9: =B9-C9-D9 | F9: =IFERROR(E9/B9,0) | G9: 46113 | H9: 46142
A10: May | B10: =SUMIFS('Transactions'!$I$2:$I$111,'Transactions'!$F$2:$F$111,"Income",'Transactions'!$B$2:$B$111,">="&$G10,'Transactions'!$B$2:$B$111,"<="&$H10) | C10: =SUMIFS('Transactions'!$I$2:$I$111,'Transactions'!$G$2:$G$111,"Cost of sales",'Transactions'!$F$2:$F$111,"Expense",'Transactions'!$B$2:$B$111,">="&$G10,'Transactions'!$B$2:$B$111,"<="&$H10) | D10: =SUMIFS('Transactions'!$I$2:$I$111,'Transactions'!$F$2:$F$111,"Expense",'Transactions'!$B$2:$B$111,">="&$G10,'Transactions'!$B$2:$B$111,"<="&$H10)-$C10 | E10: =B10-C10-D10 | F10: =IFERROR(E10/B10,0) | G10: 46143 | H10: 46173
A11: June | B11: =SUMIFS('Transactions'!$I$2:$I$111,'Transactions'!$F$2:$F$111,"Income",'Transactions'!$B$2:$B$111,">="&$G11,'Transactions'!$B$2:$B$111,"<="&$H11) | C11: =SUMIFS('Transactions'!$I$2:$I$111,'Transactions'!$G$2:$G$111,"Cost of sales",'Transactions'!$F$2:$F$111,"Expense",'Transactions'!$B$2:$B$111,">="&$G11,'Transactions'!$B$2:$B$111,"<="&$H11) | D11: =SUMIFS('Transactions'!$I$2:$I$111,'Transactions'!$F$2:$F$111,"Expense",'Transactions'!$B$2:$B$111,">="&$G11,'Transactions'!$B$2:$B$111,"<="&$H11)-$C11 | E11: =B11-C11-D11 | F11: =IFERROR(E11/B11,0) | G11: 46174 | H11: 46203
A12: July | B12: =SUMIFS('Transactions'!$I$2:$I$111,'Transactions'!$F$2:$F$111,"Income",'Transactions'!$B$2:$B$111,">="&$G12,'Transactions'!$B$2:$B$111,"<="&$H12) | C12: =SUMIFS('Transactions'!$I$2:$I$111,'Transactions'!$G$2:$G$111,"Cost of sales",'Transactions'!$F$2:$F$111,"Expense",'Transactions'!$B$2:$B$111,">="&$G12,'Transactions'!$B$2:$B$111,"<="&$H12) | D12: =SUMIFS('Transactions'!$I$2:$I$111,'Transactions'!$F$2:$F$111,"Expense",'Transactions'!$B$2:$B$111,">="&$G12,'Transactions'!$B$2:$B$111,"<="&$H12)-$C12 | E12: =B12-C12-D12 | F12: =IFERROR(E12/B12,0) | G12: 46204 | H12: 46234
A13: August | B13: =SUMIFS('Transactions'!$I$2:$I$111,'Transactions'!$F$2:$F$111,"Income",'Transactions'!$B$2:$B$111,">="&$G13,'Transactions'!$B$2:$B$111,"<="&$H13) | C13: =SUMIFS('Transactions'!$I$2:$I$111,'Transactions'!$G$2:$G$111,"Cost of sales",'Transactions'!$F$2:$F$111,"Expense",'Transactions'!$B$2:$B$111,">="&$G13,'Transactions'!$B$2:$B$111,"<="&$H13) | D13: =SUMIFS('Transactions'!$I$2:$I$111,'Transactions'!$F$2:$F$111,"Expense",'Transactions'!$B$2:$B$111,">="&$G13,'Transactions'!$B$2:$B$111,"<="&$H13)-$C13 | E13: =B13-C13-D13 | F13: =IFERROR(E13/B13,0) | G13: 46235 | H13: 46265
A14: September | B14: =SUMIFS('Transactions'!$I$2:$I$111,'Transactions'!$F$2:$F$111,"Income",'Transactions'!$B$2:$B$111,">="&$G14,'Transactions'!$B$2:$B$111,"<="&$H14) | C14: =SUMIFS('Transactions'!$I$2:$I$111,'Transactions'!$G$2:$G$111,"Cost of sales",'Transactions'!$F$2:$F$111,"Expense",'Transactions'!$B$2:$B$111,">="&$G14,'Transactions'!$B$2:$B$111,"<="&$H14) | D14: =SUMIFS('Transactions'!$I$2:$I$111,'Transactions'!$F$2:$F$111,"Expense",'Transactions'!$B$2:$B$111,">="&$G14,'Transactions'!$B$2:$B$111,"<="&$H14)-$C14 | E14: =B14-C14-D14 | F14: =IFERROR(E14/B14,0) | G14: 46266 | H14: 46295
A15: October | B15: =SUMIFS('Transactions'!$I$2:$I$111,'Transactions'!$F$2:$F$111,"Income",'Transactions'!$B$2:$B$111,">="&$G15,'Transactions'!$B$2:$B$111,"<="&$H15) | C15: =SUMIFS('Transactions'!$I$2:$I$111,'Transactions'!$G$2:$G$111,"Cost of sales",'Transactions'!$F$2:$F$111,"Expense",'Transactions'!$B$2:$B$111,">="&$G15,'Transactions'!$B$2:$B$111,"<="&$H15) | D15: =SUMIFS('Transactions'!$I$2:$I$111,'Transactions'!$F$2:$F$111,"Expense",'Transactions'!$B$2:$B$111,">="&$G15,'Transactions'!$B$2:$B$111,"<="&$H15)-$C15 | E15: =B15-C15-D15 | F15: =IFERROR(E15/B15,0) | G15: 46296 | H15: 46326
A16: November | B16: =SUMIFS('Transactions'!$I$2:$I$111,'Transactions'!$F$2:$F$111,"Income",'Transactions'!$B$2:$B$111,">="&$G16,'Transactions'!$B$2:$B$111,"<="&$H16) | C16: =SUMIFS('Transactions'!$I$2:$I$111,'Transactions'!$G$2:$G$111,"Cost of sales",'Transactions'!$F$2:$F$111,"Expense",'Transactions'!$B$2:$B$111,">="&$G16,'Transactions'!$B$2:$B$111,"<="&$H16) | D16: =SUMIFS('Transactions'!$I$2:$I$111,'Transactions'!$F$2:$F$111,"Expense",'Transactions'!$B$2:$B$111,">="&$G16,'Transactions'!$B$2:$B$111,"<="&$H16)-$C16 | E16: =B16-C16-D16 | F16: =IFERROR(E16/B16,0) | G16: 46327 | H16: 46356
A17: December | B17: =SUMIFS('Transactions'!$I$2:$I$111,'Transactions'!$F$2:$F$111,"Income",'Transactions'!$B$2:$B$111,">="&$G17,'Transactions'!$B$2:$B$111,"<="&$H17) | C17: =SUMIFS('Transactions'!$I$2:$I$111,'Transactions'!$G$2:$G$111,"Cost of sales",'Transactions'!$F$2:$F$111,"Expense",'Transactions'!$B$2:$B$111,">="&$G17,'Transactions'!$B$2:$B$111,"<="&$H17) | D17: =SUMIFS('Transactions'!$I$2:$I$111,'Transactions'!$F$2:$F$111,"Expense",'Transactions'!$B$2:$B$111,">="&$G17,'Transactions'!$B$2:$B$111,"<="&$H17)-$C17 | E17: =B17-C17-D17 | F17: =IFERROR(E17/B17,0) | G17: 46357 | H17: 46387

Sheet Setup & Instructions
A1: Setup and Instructions
A3: Category and VAT lookup | G3: Important notes
A4: P&L Category | B4: VAT Rate | D4: Type | E4: Payment Status | G4: Record every transaction net of recoverable VAT. The VAT amount and gross amount are calculated automatically from the selected P&L category.
A5: Sales income | B5: 0.23 | D5: Income | E5: Paid | G5: Use the Transactions sheet for income and expense entries. Leave calculated VAT rate, VAT amount and gross amount cells unchanged.
A6: Professional services | B6: 0.23 | D6: Expense | E6: Unpaid | G6: Review payment status regularly. Unpaid transactions are highlighted in red on the Transactions sheet.
A7: Training income | B7: 0.135 | E7: Part paid | G7: The P&L Summary uses the selected reporting period and excludes recoverable VAT from income and expenditure totals.
A8: Office expenses | B8: 0.23 | G8: Monthly Analysis provides January to December 2026 management reporting and key performance indicators.
A9: Travel | B9: 0.135 | G9: VAT returns, including VAT3 and RTD obligations, should be reviewed with an accountant or Revenue guidance.
A10: Insurance | B10: 0 | G10: This is a management template and is not a substitute for statutory accounts, Revenue returns or professional tax advice.
A11: Bank charges | B11: 0
A12: Rent | B12: 0
A13: Premises | B13: 0
A14: Software and subscriptions | B14: 0.23
A15: Marketing | B15: 0.23
A16: Cost of sales | B16: 0.23
